 Dungeon Crawl Stone Soup version 0.26-a0-712-ga5a9c9c9d0 (webtiles) character file.

Game seed: 4643308650567884525

72 kae the Poker (level 4, -1/35 HPs)
             Began as a Merfolk Gladiator on Nov 12, 2020.
             Was an Initiate of Ru.
             Slain by Grinder (5 damage)
             ... on level 2 of the Dungeon.
             The game lasted 00:01:38 (1996 turns).

kae the Poker (Merfolk Gladiator)                   Turns: 1996, Time: 00:01:39

Health: -1/35      AC:  7    Str: 15    XL:     4   Next: 25%
Magic:  4/4        EV: 14    Int:  7    God:    Ru [......]
Gold:   75         SH:  0    Dex: 15    Spells: 3/3 levels left

rFire    . . .     SeeInvis .   j - +0 halberd
rCold    . . .     Faith    .   (shield currently unavailable)
rNeg     . . .     Spirit   .   b - +0 leather armour
rPois    .         Reflect  .   c - +0 helmet
rElec    .         Harm     .   (no cloak)
rCorr    +         Rampage  .   o - +2 pair of gloves
MR       .....                  (no boots)
Stlth    +.........             n - amulet of the acrobat
HPRegen  0.11/turn              i - ring of resist corrosion
MPRegen  0.09/turn              (no ring)

@: no status effects
A: change form in water, swift swim, stealthy swim
a: Renounce Religion


You were on level 2 of the Dungeon.
You worshipped Ru.
Ru was noncommittal.
You visited 1 branch of the dungeon, and saw 3 of its levels.

You collected 75 gold pieces.

Inventory:

Hand Weapons
 a - a +0 trident
 j - a +0 halberd (weapon)
Missiles
 d - 3 throwing nets (quivered)
Armour
 b - a +0 leather armour (worn)
 c - a +0 helmet (worn)
 o - a +2 pair of gloves (worn)
Jewellery
 i - a ring of resist corrosion (left hand)
 n - an amulet of the acrobat (around neck)
Scrolls
 f - a scroll of identify
Potions
 e - a potion of flight
 g - a potion of stabbing {unknown}
 k - a potion of ambrosia {unknown}
 m - a potion of lignification {unknown}


   Skills:
 + Level 3.2 Fighting
 * Level 6.4 Polearms
 - Level 2.0 Throwing
 - Level 4.0 Dodging


You had 3 spell levels left.
You didn't know any spells.
Your spell library was empty.

Dungeon Overview and Level Annotations

Branches:
Dungeon (3/15)

Altars:
Okawaru
Ru
Sif Muna

Annotations:
D:2 Grinder


Message History

Grinder hits you!
* * * LOW HITPOINT WARNING * * *
You writhe in agony.
* * * LOW HITPOINT WARNING * * *
You slash Grinder!
Grinder is severely wounded.
Grinder gestures at you.
You barely resist. Grinder barely misses you.
You closely miss Grinder.
Grinder is severely wounded.
Grinder misses you.
You barely miss Grinder.
Grinder is heavily wounded.
Grinder barely misses you.
You barely miss Grinder.
Grinder is heavily wounded.
Grinder hits you.
* * * LOW HITPOINT WARNING * * *
You writhe in agony.
You die...

.[#....##..###.##.# #.#
###.#####....#.##.#######.#
#.# #......##.......#.# #.#
####....#######.#.# #.#
####.# #...# #.# #.# ###.#
#.# #.## ### ###.# #..##
....############@5#
..............###.##
###...........# #..#
#.#.........# ##.#
#.##..<.##### #.#
#.####.### #.# ###.##
#...### ###.######## .....#
#.#...###..........#
####.###.###>..(..........#


You could see Grinder.

Vanquished Creatures
  A gnoll (D:1)
  An adder (D:2)
  3 dart slugs (D:1)
  4 leopard geckos
  A ball python (D:2)
  5 bats
  A giant cockroach (D:3)
  6 goblins
  2 hobgoblins (D:1)
  5 jackals (D:1)
  A quokka (D:2)
  3 frilled lizards (D:1)
  5 kobolds
  2 rats
40 creatures vanquished.

Notes
Turn   | Place    | Note
-------+----------+-------------------------------------------
     0 | D:1      | kae the Merfolk Gladiator began the quest for the Orb.
     0 | D:1      | Reached XP level 1. HP: 16/16 MP: 1/1
   142 | D:1      | Reached XP level 2. HP: 23/23 MP: 2/2
   165 | D:1      | Reached skill level 5 in Polearms
   503 | D:1      | Reached XP level 3. HP: 28/28 MP: 3/3
   792 | D:1      | Reached skill level 6 in Polearms
  1108 | D:2      | Found a shimmering blue altar of Sif Muna.
  1187 | D:2      | Found a sacrificial altar of Ru.
  1268 | D:2      | Reached XP level 4. HP: 35/35 MP: 4/4
  1345 | D:2      | Became a worshipper of Ru the Awakened
  1454 | D:2      | Found an iron altar of Okawaru.
  1619 | D:3      | Noticed Grinder
  1620 | D:3      | Paralysed by Grinder for 6 turns
  1996 | D:2      | Slain by Grinder

Illustrated notes

Levels and vault maps discovered:
D:1:      minmay_arrival_glassed_features, layout_loops_ring,
          minmay_misc_feat_ornament
D:2:      layout_rooms, nicolae_ru_awakened_eye, overflow_temple_1_default,
          lemuel_doored_altar
D:3:      kennysheep_big_flooded_room, layout_basic, demons_altar, hex_tiny,
          uniq_grinder

Skill      XL: |  1  2  3 |
---------------+----------+-----
Polearms       | 5 6 |  6.4
Fighting       | 3 |  3.2
Throwing       | |  2.0
Dodging        | |  4.0

Action                   |  1- 3 |  4- 6 || total
-------------------------+-------+-------++-------
Melee: Trident           |    94 |       ||    94
       Halberd           |    21 |    26 ||    47
  Use: Scroll            |       |     4 ||     4
 Stab: Sleeping          |     1 |       ||     1
Armor: Leather armour    |    26 |     7 ||    33
Dodge: Dodged            |    76 |    15 ||    91

Table legend: (Time is in decaauts)
 A = Elapsed time spent in this place.
 B = Non-inter-level travel time spent in this place.
 C = Inter-level travel time spent in this place.
 D = Time resting spent in this place.
 E = Time spent auto-exploring this place.
 F = Levels seen in this place.
 G = Mean time per level.
                   A        B        C        D        E       F      G
               +--------+--------+--------+--------+--------+-----+--------+
         Total |   2010 |   1859 |    151 |    290 |   1199 |   3 |  670.0 |
       Dungeon |   2010 |   1859 |    151 |    290 |   1199 |   3 |  670.0 |
               +--------+--------+--------+--------+--------+-----+--------+

Top non-repeatable levels by time:
     D:2: 943 daAuts
     D:1: 907 daAuts
     D:3: 159 daAuts
